 Dungeon Crawl Stone Soup version 0.28.0 (webtiles) character file.

Game seed: 3736932128578230984

380 HallandMoats the Ruffian (level 6, 0/55 HPs)
             Began as a Ghoul Monk on Feb 8, 2022.
             Killed from afar by an orc wizard (8 damage)
             ... with a magic dart
             ... on level 4 of the Dungeon.
             The game lasted 00:03:49 (3432 turns).

HallandMoats the Ruffian (Ghoul Monk)               Turns: 3432, Time: 00:03:50

Health: 0/55       AC:  6    Str: 21    XL:     6   Next: 75%
Magic:  5/5        EV: 12    Int:  5    God:
Gold:   167        SH:  0    Dex: 13    Spells: 5/5 levels left

rFire   . . .      SeeInvis .     - Unarmed
rCold   + . .      Faith    .   (no shield)
rNeg    + + +      Spirit   .   d - +0 ring mail
rPois   ∞          Reflect  .   (no helmet)
rElec   .          Harm     .   m - +0 cloak
rCorr   .          Rampage  .   (no gloves)
Will    +....                   (no boots)
Stlth   +.........              (no amulet)
HPRegen 0.00/turn               h - +6 ring of strength
MPRegen 0.09/turn               e - ring of willpower

@: inhibited regen
A: claws 1, cold resistance 1, negative energy resistance 3, inhibited
regeneration, torment resistance 2
a: no special abilities


You were on level 4 of the Dungeon.
You visited 1 branch of the dungeon, and saw 4 of its levels.

You collected 167 gold pieces.

Inventory:

Hand Weapons
 b - a +0 whip of venom
Armour
 d - a +0 ring mail (worn)
 m - a +0 cloak (worn)
Jewellery
 e - a ring of willpower (right claw)
 h - a +6 ring of strength (left claw)
Scrolls
 a - 3 scrolls of identify {unknown}
 f - a scroll of acquirement {unknown}
 i - 3 scrolls of noise {unknown}
 j - a scroll of magic mapping {unknown}
 l - a scroll of fear {unknown}
Potions
 c - 3 potions of curing {unknown}
 g - a potion of might {unknown}
 k - a potion of haste {unknown}
 n - a potion of invisibility {unknown}


   Skills:
 + Level 4.9 Fighting
 + Level 2.7 Armour
 + Level 4.0 Dodging
 - Level 2.1 Stealth
 + Level 4.9 Unarmed Combat


You had 5 spell levels left.
You didn't know any spells.
Your spell library contained the following spells:

 Spells                   Type           Power      Damage    Failure   Level
 Ozocubu's Armour         Ice            0%         N/A       95%         3
 Ozocubu's Refrigeration  Ice            0%         4d5       100%        7


Dungeon Overview and Level Annotations

Branches:
Dungeon (4/15)
 Temple: D:4-7

Altars:

Shops:
D:4 [


Innate Abilities, Weirdness & Mutations

You thrive by killing the living.
You are immune to poison.
You have sharp fingernails.
Your flesh is cold resistant. (rC+)
You are immune to negative energy. (rN+++)
You do not regenerate when monsters are visible.
You are immune to unholy pain and torment.


Message History

You barely miss the orc priest.
The orc priest is severely wounded.
Something completely misses you. The orc barely misses you.
The orc priest hits you with a +0 dagger.
You barely miss the orc priest.
The orc priest is severely wounded.
Something hits you. The orc hits you with a +0 mace.
The orc priest hits you but does no damage.
You claw the orc priest!
You kill the orc priest!
You feel better. Something hits you. The orc hits you with a +0 mace.
You swing at nothing.
Something barely misses you.
You barely miss the orc. The orc closely misses you.
Something hits you but does no damage.
You barely miss something. The orc hits you but does no damage.
You miss something. Something hits you but does no damage.
The orc closely misses you.
You closely miss something.
You hear some strange, mumbled words.
A magic dart appears from out of thin air!
The magic dart hits you.
* * * LOW HITPOINT WARNING * * *
The orc hits you but does no damage.
You closely miss something. Your claw misses something.
Something hits you but does no damage. The orc hits you but does no damage.
You scratch something. Your claw misses something.
Something hits you but does no damage. The orc hits you with a +0 mace.
* * * LOW HITPOINT WARNING * * *
You scratch something but do no damage. Something hits you.
* * * LOW HITPOINT WARNING * * *
The orc barely misses you.
You miss something. Something hits you but does no damage.
The orc hits you but does no damage.
You scratch something but do no damage. Something hits you but does no damage.
The orc barely misses you.
You barely miss something.
You hear some strange, mumbled words.
A magic dart appears from out of thin air!
The magic dart hits you!
You die...

#.............####... ..
[.......#............
#.. ........#####.......
#... .......+...........
....###.#...##....##....
......#.................
........................
......)).).$............
......o@.........#......
......{...#......#......
..........#......###....
............/...... ...
..##................ .
#................
#....##.......##. #...##
.#+##


You could see an orc.

Vanquished Creatures
  A centaur (D:3)
  Blork the orc (D:4)
  An orc priest (D:4)
  2 hounds (D:4)
  A jelly (D:4)
  A gnoll (D:1)
  3 adders
  An ufetubus (D:2)
  A worm (D:3)
  5 orcs
  4 ball pythons
  5 endoplasms
  9 giant cockroaches
  5 goblins
  5 hobgoblins
  6 quokkas
  5 bats
  5 frilled lizards
  4 kobolds
  7 rats
72 creatures vanquished.

Notes
Turn   | Place    | Note
-------+----------+-------------------------------------------
     0 | D:1      | HallandMoats the Ghoul Monk began the quest for the Orb.
     0 | D:1      | Reached XP level 1. HP: 19/19 MP: 0/0
    23 | D:1      | Reached XP level 2. HP: 12/26 MP: 1/1
   822 | D:1      | Reached XP level 3. HP: 31/31 MP: 2/2
   831 | D:1      | Reached skill level 1 in Armour
  1555 | D:2      | Found a faded altar of an unknown god.
  1586 | D:2      | You fall into a shaft and drop 1 floor!
  1922 | D:2      | Reached XP level 4. HP: 40/40 MP: 3/3
  2464 | D:3      | Noticed a centaur
  2477 | D:3      | Killed a centaur
  2478 | D:3      | Reached XP level 5. HP: 16/46 MP: 4/4
  3035 | D:4      | Found Baroex's Antique Armour Boutique.
  3062 | D:4      | Reached XP level 6. HP: 44/53 MP: 5/5
  3262 | D:4      | Noticed Blork the orc
  3292 | D:4      | Killed Blork the orc
  3432 | D:4      | Killed from afar by an orc wizard

Illustrated notes

Levels and vault maps discovered:
D:1:      arrival_zaba_pyramid, layout_basic
D:2:      minmay_evil_eye, layout_rooms, chequers_ecumenical_altar_simple
D:3:      layout_loops_ring, serial_co_window_serial, co_window_paths_a,
          co_window_corner_a, co_window_paths_a, co_window_of_opportunity_a,
          co_window_paths_b, co_window_paths_c, co_window_paths_c,
          co_window_corner_b, co_window_broadway_c, co_window_2corner,
          glass_columns_b, glass_columns_b, skrybe_limestone_x
D:4:      gammafunk_cloud_chamber, layout_basic, serial_shops,
          nicolae_stop_n_shop_2, uniq_blork_the_orc

Skill      XL: |  1  2  3  4  5  6 |
---------------+-------------------+-----
Dodging        | 3 4 |  4.0
Armour         | 1 2 |  2.7
Unarmed Combat | 4 |  4.9
Fighting       | 4 |  4.9
Stealth        | |  2.1

Action                   |  1- 3 |  4- 6 || total
-------------------------+-------+-------++-------
Melee: Unarmed           |   114 |   132 ||   246
       Punch             |     2 |     2 ||     4
 Stab: Sleeping          |     3 |     3 ||     6
Armor: Ring mail         |    18 |    45 ||    63
       Robe              |     4 |       ||     4
Dodge: Dodged            |    54 |    83 ||   137
